 Dungeon Crawl Stone Soup version 0.21.1-1-g345015f (webtiles) character file.

3444 GoochMcTaint the Spear-Bearer (level 9, -16/90 HPs)
             Began as a Minotaur Berserker on Apr 7, 2018.
             Was an Elder of Trog.
             Demolished by a large abomination (20 damage)
             ... on level 9 of the Dungeon.
             The game lasted 00:20:19 (8136 turns).

GoochMcTaint the Spear-Bearer (Minotaur Berserker)  Turns: 8136, Time: 00:20:19

Health: -16/90     AC: 13    Str: 26    XL:     9   Next: 77%
Magic:  8/8        EV: 11    Int:  4    God:    Trog [****..]
Gold:   275        SH:  0    Dex:  9    Spells: 8/8 levels left

rFire    . . .     SeeInvis +   a - +0 spear
rCold    . . .     Gourm    .   (no shield)
rNeg     . . .     Faith    .   b - +4 ring mail {rPois}
rPois    +         Spirit   .   f - +0 hat
rElec    .         Reflect  .   A - +0 cloak
rCorr    .         Harm     +   G - +2 pair of gloves {archery}
MR       .....     Rnd*Tele +   (no boots)
Stlth    ..........             y - amulet of harm
HPRegen  0.25/turn              z - ring of teleportation (curse)
MPRegen  0.11/turn              g - ring of see invisible

@: about to teleport, slowed, very slow
A: retaliatory headbutt, horns 2
a: Berserk, Trog's Hand, Brothers in Arms, Burn Spellbooks, Renounce Religion


You were on level 9 of the Dungeon.
You worshipped Trog.
Trog was greatly pleased with you.
You were not hungry.

You visited 1 branch of the dungeon, and saw 9 of its levels.

You collected 450 gold pieces.
You spent 175 gold pieces at shops.

Inventory:

Hand Weapons
 a - a +0 spear (weapon)
 x - a +3 quarterstaff of chaos
Armour
 b - a +4 ring mail of poison resistance (worn)
 f - a +0 hat (worn)
 A - a +0 cloak (worn)
 G - a +2 pair of gloves of archery (worn)
Jewellery
 d - an uncursed amulet of guardian spirit
 g - a ring of see invisible (right hand)
 y - an amulet of harm (around neck)
 z - a cursed ring of teleportation (left hand)
Wands
 j - a wand of flame (35)
 t - a wand of polymorph (34)
 u - a wand of digging (13)
 B - a wand of iceblast (4)
 F - a wand of acid (11)
Scrolls
 e - 4 scrolls of teleportation
 h - 2 scrolls of fear {unknown}
 i - 4 scrolls of remove curse {unknown}
 m - 8 scrolls of identify {unknown}
 n - 2 scrolls of blinking {unknown}
 o - a scroll of immolation {unknown}
 q - 2 scrolls of amnesia {unknown}
 r - 2 scrolls of fog {unknown}
 v - 2 scrolls of enchant weapon {unknown}
 w - 3 scrolls of enchant armour {unknown}
 E - a scroll of torment {unknown}
Potions
 k - a potion of magic
 l - 2 potions of curing
 p - a potion of flight {unknown}
 C - a potion of ambrosia {unknown}
Books
 D - a book of Misfortune

   Spells                             Type                      Level
   a - Confusing Touch                Hexes                        1
   b - Confuse                        Hexes                        3
   c - Gell's Gravitas                Translocation                3
   d - Petrify                        Transmutation/Earth          4
   e - Metabolic Englaciation         Hexes/Ice                    5
   f - Yara's Violent Unravelling     Hexes/Transmutation          5
   Trog disapproves of the use of such an item.
Comestibles
 c - 15 rations


   Skills:
 * Level 11.9 Fighting
 - Level 12.2 Polearms
 - Level 2.4 Armour
 - Level 2.1 Dodging


You had 8 spell levels left.
You didn't know any spells.

Dungeon Overview and Level Annotations

Branches:
Dungeon (9/15)             Temple (0/1) D:5
   Lair: D:8-11         Orc: D:9-12

Altars:
Cheibriados
Dithmenos
Gozag
Makhleb
Nemelex Xobeh
Okawaru
Sif Muna
Xom

Shops:
D:5 [   D:9 =


Innate Abilities, Weirdness & Mutations

You reflexively headbutt those who attack you in melee.
You have a pair of horns on your head.


Message History

The wizard hits you but does no damage.
You hit the wizard.
The wizard is heavily wounded.
As you open the door, it creaks loudly! 5 small abominations and 4 large abominations come into view.
The yak gores you but does no damage. The wizard hits you but does no damage.
The yak gores you.
You hit the yak.
The yak is lightly wounded.
The yak gores you but does no damage. The large abomination hits you!
* * * LOW HITPOINT WARNING * * *
The wizard gestures at you while chanting.
You feel yourself slow down. The yak gores you!
* * * LOW HITPOINT WARNING * * *
As you read the scroll of teleportation, it crumbles to dust.
You feel strangely unstable. The yak gores you!
* * * LOW HITPOINT WARNING * * *
The wizard hits you but does no damage. The yak barely misses you.
The large abomination hits you!
You die...

.........))..#..........#
.........###.#..........#
.........# #.#.[...>....#
.........# #.'.##########
.........# ###.# xX.#
########## #.#


xXx+ ### xxX ##X###### #@YY..$.. #Yp...... #Y....... #........ ######+## You
could see 4 large abominations, a wizard, 4 yaks and 5 small abominations.

Vanquished Creatures
  A two-headed ogre (D:9)
  The ghost of AtomicTangerine the Destroyer, a novice DrCj of Sif Muna (D:8)
  A vampire (D:9)
  An orc warrior (D:9)
  A black bear (D:7)
  An ice beast (D:9)
  2 phantoms
  3 centaurs
  3 ogres
  3 scorpions
  4 killer bees (D:7)
  A howler monkey (D:4)
  A crimson imp (D:5)
  A centaur skeleton (D:4)
  An orc priest (D:9)
  3 orc wizards
  3 hounds
  Crazy Yiuf (D:4)
  A gnoll shaman (D:8)
  Terence (D:2)
  An iguana (D:7)
  4 worker ants
  3 hound skeletons
  A worker ant zombie (D:9)
  Robin (D:2)
  6 gnolls
  7 adders
  A shadow imp (D:7)
  2 oozes
  An adder zombie (D:7)
  5 adder skeletons
  5 worms
  A dart slug (D:2)
  5 leopard geckos
  11 orcs
  12 bats
  2 giant cockroaches
  15 goblins
  10 hobgoblins
  4 jackals
  4 quokkas
  2 frilled lizards
  A jackal zombie (D:5)
  3 kobolds
  A quokka skeleton (D:6)
  11 rats
153 creatures vanquished.

Notes
Turn   | Place    | Note
-------+----------+-------------------------------------------
     0 | D:1      | GoochMcTaint the Minotaur Berserker began the quest for the Orb.
     0 | D:1      | Reached XP level 1. HP: 19/19 MP: 0/0
   144 | D:1      | Reached skill level 4 in Polearms
   230 | D:1      | Reached XP level 2. HP: 27/27 MP: 1/1
   669 | D:1      | Reached XP level 3. HP: 33/33 MP: 2/2
   970 | D:2      | Noticed Terence
   978 | D:2      | Killed Terence
   978 | D:2      | Reached skill level 5 in Polearms
  1016 | D:2      | Noticed Robin
  1018 | D:2      | Reached XP level 4. HP: 38/41 MP: 1/3
  1131 | D:2      | Reached ** piety under Trog
  1385 | D:2      | Killed Robin
  1385 | D:2      | Reached skill level 5 in Fighting
  1723 | D:3      | Reached XP level 5. HP: 45/48 MP: 4/4
  1827 | D:3      | Reached skill level 6 in Polearms
  2265 | D:3      | Found a burning altar of Makhleb.
  2680 | D:4      | Found a deep blue altar of Sif Muna.
  2690 | D:4      | Reached *** piety under Trog
  2690 | D:4      | Reached skill level 7 in Polearms
  2690 | D:4      | Reached XP level 6. HP: 56/56 MP: 5/5
  3072 | D:4      | Found a runed door.
  3147 | D:4      | Noticed Crazy Yiuf
  3160 | D:4      | Killed Crazy Yiuf
  3220 | D:5      | Entered Level 5 of the Dungeon
  3334 | D:5      | Reached skill level 8 in Polearms
  3396 | D:5      | Found a sparkling altar of Nemelex Xobeh.
  3412 | D:5      | Reached XP level 7. HP: 50/63 MP: 6/6
  3649 | D:5      | Found Pipeanot's Antique Armour Emporium.
  3655 | D:5      | Bought a runed ring mail for 175 gold pieces
  3757 | D:5      | Found a staircase to the Ecumenical Temple.
  3990 | D:5      | Found a snail-covered altar of Cheibriados.
  3997 | D:5      | Reached skill level 9 in Polearms
  4199 | D:6      | Found a shimmering altar of Xom.
  4204 | D:6      | Found a shimmering altar of Xom.
  4212 | D:6      | Found a shimmering altar of Xom.
  4213 | D:6      | Found a shimmering altar of Xom.
  4317 | D:6      | Found an opulent altar of Gozag.
  5071 | D:7      | Reached skill level 10 in Polearms
  5071 | D:7      | Reached XP level 8. HP: 45/73 MP: 7/7
  5894 | D:7      | Found an iron altar of Okawaru.
  5895 | D:7      | Found a snail-covered altar of Cheibriados.
  6457 | D:8      | Reached skill level 11 in Polearms
  6729 | D:8      | Reached **** piety under Trog
  7124 | D:8      | Found a shadowy altar of Dithmenos.
  7201 | D:8      | Noticed AtomicTangerine's ghost (novice DrCj)
  7251 | D:8      | Killed AtomicTangerine's ghost
  7251 | D:8      | Reached skill level 12 in Polearms
  7251 | D:8      | Reached XP level 9. HP: 29/82 MP: 8/8
  7830 | D:9      | Found Leuloah's Jewellery Emporium.
  7971 | D:9      | Reached skill level 10 in Fighting
  7985 | D:9      | Noticed a two-headed ogre
  8011 | D:9      | Killed a two-headed ogre
  8128 | D:9      | Noticed a wizard
  8134 | D:9      | Noticed a large abomination
  8136 | D:9      | HP: 4/90 [yak (10)]
  8136 | D:9      | Demolished by a large abomination

Skill      XL: |  1  2  3  4  5  6  7  8  9 |
---------------+----------------------------+-----
Fighting       | 4 5 6 7 8 11 | 11.9
Polearms       | 4 5 7 8 10 12 | 12.2
Armour         | |  2.4
Dodging        | |  2.1

Action                   |  1- 3 |  4- 6 |  7- 9 || total
-------------------------+-------+-------+-------++-------
Melee: Spear             |    67 |   240 |   275 ||   582
       Headbutt          |    11 |    29 |    52 ||    92
  Use: Potion            |     1 |     5 |     6 ||    12
       Scroll            |       |     1 |     2 ||     3
  Eat: Chunk             |       |     6 |    10 ||    16
       Ration            |       |     1 |     1 ||     2
Armor: Animal skin       |     1 |       |       ||     1
       Chain mail        |    30 |   118 |     1 ||   149
       Skin              |       |     3 |       ||     3
       Ring mail         |       |       |    66 ||    66
Dodge: Dodged            |    42 |    82 |   124 ||   248
